cohdb
Replays
Latest Replays
All Replays
Popular Replays
Top Player Replays
Match Explorer
How It Works
Community
CoH3 Stats
Reddit
Sign in to upload your games and track your stats! →
Sign in with Steam
Match 44166448
Unlisted
Match 44166448
Overview
Messages
Build Orders
End
Scout Squad
Construct Barracks
Riflemen Squad
Riflemen Squad
Construct Weapon Support Center
Selects Heavy Weapons
M1919 Machine Gun Team
Grenade Package
Bazooka Squad
Infantry Support Center
Selects Assault Carriers
M3 Assault Carrier
Construct Medical Station
M1919 Machine Gun Team
Selects Halftrack Strongpoints
M3 Assault Carrier
Bazooka Squad
Engineer Squad
Bazooka Squad
M1919 Machine Gun Team
Bazooka Squad
Bazooka Squad
Selects M26 Pershing Heavy Tank
M26 Pershing Heavy Tank
M1919 Machine Gun Team
Engineer Squad
silentbreacher
Legionary
0
0
Comments
sign in to comment!
No comments posted yet!